 Dungeon Crawl Stone Soup version 0.26.0-10-g1f06aea511 (webtiles) character file.

Game seed: 18316589652845562498

491140 raph the Minotaur Blade (level 23, -27/207 HPs)
             Began as a Minotaur Monk on Feb 3, 2021.
             Was a High Priest of Qazlal.
             Blown up by a lich (80 damage)
             ... with an orb of destruction
             ... on level 5 of the Vaults on Feb 4, 2021.
             The game lasted 03:05:58 (70310 turns).

raph the Minotaur Blade (Minotaur Monk)            Turns: 70310, Time: 03:05:59

Health: -27/207    AC: 38    Str: 26    XL:     23   Next: 88%
Magic:  17/32      EV: 29    Int:  7    God:    Qazlal [*****.]
Gold:   4675       SH:  6    Dex: 22    Spells: 21/27 levels left

rFire    + + .     SeeInvis +   a - +10 great sword of a Labyrinth {freeze, +Rage rC+ Str+3}
rCold    + + .     Faith    +   (shield currently unavailable)
rNeg     + . .     Spirit   .   L - +8 fire dragon scales
rPois    .         Reflect  .   K - +2 hat {SInv}
rElec    +         Harm     .   x - +2 cloak {Will+}
rCorr    .         Rampage  .   X - +1 pair of gloves of Impermeability {*Drain rC+ Str+3}
Will     +++..                  E - +2 pair of boots
Stlth    +.........             W - amulet of faith
HPRegen  0.44/turn              o - +4 ring of evasion
MPRegen  0.23/turn              Z - ring "Hiruc" {rC+ rN+ Will+ AC+4 Str+3}

@: mighty, protected from electricity, studying Necromancy, repel missiles
A: retaliatory headbutt, horns 2
}: 2/15 runes: decaying, gossamer
a: Renounce Religion, Evoke Berserk Rage, Upheaval, Elemental Force, Disaster
Area


You were on level 5 of the Vaults.
You worshipped Qazlal.
Qazlal was extremely pleased with you.
You visited 9 branches of the dungeon, and saw 45 of its levels.
You visited 1 bazaar.
You also visited: Sewer, Bailey and Gauntlet.

You collected 6999 gold pieces.
You spent 2324 gold pieces at shops.

Inventory:

Hand Weapons
 a - the +10 great sword of a Labyrinth (weapon) {freeze, +Rage rC+ Str+3}
   (You found it on level 4 of the Depths)

   It has been specially enchanted to freeze those struck by it, causing extra
   injury to most foes and up to half again as much damage against particularly
   susceptible opponents.
   It can also slow down cold-blooded creatures.
   It affects your strength (+3).
   It protects you from cold.
   It lets you go berserk.
 b - a +4 longbow of flaming
 c - a +7 vorpal great sword
 r - a +2 great sword of flaming
 w - a +3 double sword of holy wrath
Missiles
 n - 1141 arrows
Armour
 x - a +2 cloak of willpower (worn)
 E - a +2 pair of boots (worn)
 K - a +2 hat of see invisible (worn)
 L - +8 fire dragon scales (worn)
 X - the +1 pair of gloves of Impermeability (worn) {*Drain rC+ Str+3}
   (You found it on level 2 of the Swamp)

   It affects your strength (+3).
   It protects you from cold.
   It causes draining when unequipped.
Jewellery
 o - a +4 ring of evasion (left hand)
 W - an amulet of faith (around neck)
 Z - the ring "Hiruc" (right hand) {rC+ rN+ Will+ AC+4 Str+3}
   (You bought it in a shop on level 11 of the Dungeon)

   [ring of protection]

   It affects your AC (+4).
   It affects your strength (+3).
   It protects you from cold.
   It protects you from negative energy.
   It affects your willpower, your defense against some magical effects.
Wands
 e - a wand of iceblast (30)
 g - a wand of acid (44)
 m - a wand of digging (2)
 t - a wand of paralysis (8)
 u - a wand of polymorph (8)
 z - a wand of disintegration (54)
 A - a wand of flame (159)
Scrolls
 h - 24 scrolls of remove curse
 k - 7 scrolls of amnesia
 s - 3 scrolls of blinking
 y - 5 scrolls of magic mapping
 C - 8 scrolls of fog
 F - 22 scrolls of teleportation
 G - 24 scrolls of identify
 H - 4 scrolls of silence
 P - 8 scrolls of fear
 Q - 5 scrolls of immolation
 Y - a scroll of summoning
Potions
 d - 12 potions of flight
 f - 5 potions of resistance
 j - 5 potions of ambrosia
 l - 5 potions of heal wounds
 q - 7 potions of curing
 v - 3 potions of mutation
 J - 4 potions of invisibility
 M - 4 potions of berserk rage
 R - 5 potions of brilliance
 S - a potion of cancellation
 U - 2 potions of haste
Books
 N - a manual of Necromancy
Miscellaneous
 p - a phantom mirror
 D - a phial of floods
 I - a tin of tremorstones (2/2)
 O - a condenser vane


   Skills:
 + Level 17.7 Fighting
 * Level 24.6 Long Blades
 - Level 20.0 Bows
 + Level 17.7 Armour
 + Level 16.8 Dodging
 - Level 1.5 Stealth
 - Level 6.0 Unarmed Combat
 - Level 2.6 Spellcasting
 - Level 3.0 Necromancy
 - Level 3.0 Translocations
 - Level 3.7 Air Magic
 - Level 14.3 Invocations
 + Level 11.3 Evocations


You had 21 spell levels left.
You knew the following spells:

 Your Spells              Type           Power        Failure   Level
a - Swiftness             Air            6%           22%         2
b - Animate Skeleton      Necr           10%          21%         1
c - Apportation           Tloc           10%          19%         1
d - Passwall              Tmut/Erth      0%           71%         2

Your spell library contained the following spells:

 Spells                   Type           Power        Failure   Level
 Sublimation of Blood     Necr           2%           30%         2
 Shock                    Conj/Air       12%          32%         1
 Poisonous Vapours        Pois/Air       6%           43%         2
 Lesser Beckoning         Tloc           2%           50%         3
 Beastly Appendage        Tmut           0%           56%         1
 Corona                   Hex            0%           56%         1
 Foxfire                  Conj/Fire      0%           56%         1
 Magic Dart               Conj           0%           56%         1
 Sandblast                Erth           0%           56%         1
 Sting                    Tmut/Pois      0%           56%         1
 Summon Small Mammal      Summ           0%           56%         1
 Static Discharge         Conj/Air       3%           67%         3
 Ensorcelled Hibernation  Hex/Ice        0%           71%         2
 Searing Ray              Conj           0%           71%         2
 Slow                     Hex            0%           71%         2
 Mephitic Cloud           Conj/Pois/Air  2%           77%         3
 Airstrike                Air            3%           83%         4
 Confusing Touch          Hex            0%           90%         3
 Conjure Flame            Conj/Fire      0%           90%         3
 Dazzling Flash           Conj/Hex       0%           90%         3
 Ignite Poison            Fire/Tmut/Pois 0%           90%         3
 Inner Flame              Hex/Fire       0%           90%         3
 Spider Form              Tmut/Pois      0%           90%         3
 Tukima's Dance           Hex            0%           90%         3
 Iskenderun's Mystic Bla  Conj/Tloc      3%           98%         4
 Fulminant Prism          Conj/Hex       0%           100%        4
 Leda's Liquefaction      Hex/Erth       0%           100%        4
 Olgreb's Toxic Radiance  Pois           0%           100%        4
 Petrify                  Tmut/Erth      0%           100%        4
 Sticky Flame             Conj/Fire      0%           100%        4
 Alistair's Intoxication  Tmut/Pois      0%           100%        5
 Blade Hands              Tmut           0%           100%        5
 Borgnjor's Vile Clutch   Necr/Erth      1%           100%        5
 Fireball                 Conj/Fire      0%           100%        5
 Irradiate                Conj/Tmut      0%           100%        5
 Lightning Bolt           Conj/Air       1%           100%        5
 Metabolic Englaciation   Hex/Ice        0%           100%        5
 Silence                  Hex/Air        1%           100%        5
 Yara's Violent Unravell  Hex/Tmut       0%           100%        5
 Conjure Ball Lightning   Conj/Air       1%           100%        6
 Eringya's Noxious Bog    Tmut/Pois      0%           100%        6
 Freezing Cloud           Conj/Ice/Air   1%           100%        6
 Invisibility             Hex            0%           100%        6
 Statue Form              Tmut/Erth      0%           100%        6


Dungeon Overview and Level Annotations

Branches:
Dungeon (15/15)            Temple (1/1) D:6            Lair (6/6) D:8
  Swamp (4/4) Lair:3       Spider (4/4) Lair:2        Slime (0/5) Lair:6
    Orc (2/2) D:10            Elf (3/3) Orc:2        Vaults (5/5) D:14
  Crypt (0/3) Vaults:2     Depths (5/5) D:15            Zot (0/5) Depths:5
  Sewer (visited)          Bailey (visited)         Gauntlet (visited)

Altars:
Ashenzari
Cheibriados
Dithmenos
Elyvilon
Fedhas
Gozag
Hepliaklqana
Kikubaaqudgha
Makhleb
Nemelex Xobeh
Okawaru
Qazlal
Ru
Sif Muna
Trog
Uskayaw
Vehumet
Wu Jian
Xom
Yredelemnul
Zin
The Shining One
Jiyva

Shops:
D:4 (   D:7 [   D:11 !!?=   D:12 }   Orc:2 *([*!   Elf:1 =   Vaults:1 ?
Vaults:4 *   Depths:1 *

Portals:
Hell: Depths:2 Depths:3 Depths:4 Depths:5
Abyss: Depths:2 Depths:4
Pandemonium: Depths:2 Depths:3
Ziggurat: Depths:2
Trove: D:15 (show abyssal rune of Zot)

Annotations:
Spider:4 1 runed translucent door, Raspi's ghost, adept TeGl
Vaults:3 Mennas
Depths:1 3 runed translucent doors, 1 exclusion
Depths:2 5 runed translucent doors, Dani's ghost, veteran NaIE


Innate Abilities, Weirdness & Mutations

You reflexively headbutt those who attack you in melee.
You have a pair of horns on your head.


Message History

The lich launches a ball of destructive magic.
The titan is engulfed in freezing vapours.
The titan casts a spell at you.
The bolt of lightning hits the war gargoyle.
The war gargoyle resists.
The bolt of lightning hits you!
You feel protected from electricity.
* * * LOW HITPOINT WARNING * * *
An orb of destruction comes into view.
You don't have enough magic at the moment.
Unknown command.
The lich is engulfed in freezing vapours. x2
You see here 2 arrows.
Okay, then.
Magic courses through your body.
You hear a shout!
You hear two shouts!
The lich is engulfed in freezing vapours.
An ironheart preserver comes into view. It is wielding a +0 great mace.
Clouds arounds you coalesce and take form!
The orb of destruction hits you!!!!
You die...

#. #..#... ....# #..#... ...#
#..#..# ###..# #..#.. ....#
#..... ....
#...)#######################..
#....)pB9LE.○@......p..p.).p..
#..9p))§)§E§○)....((.p(..)....
#...))C§EE)§§○.○.........).p..
#....cEp§.°E...........p...pp.
#...c#######################..
#..... ... #..#.. ...# #..##.
#..## #.. .# ##. #


You could see an ironheart preserver, a titan, a lich (fast), a boulder beetle
shaped shifter, 2 vault guards, a war gargoyle and 6 friendly water elementals.

Vanquished Creatures
  An ancient lich (Depths:2)
  2 juggernauts (Depths:5)
  Frederick (Vaults:3)
  2 liches
  Asterion (Vaults:3)
  Rupert (D:15)
  2 deep elf master archers (Elf:3)
  2 quicksilver dragons (Vaults:5)
  2 deep elf blademasters (Elf:3)
  A sphinx (Depths:5)
  Frances (Spider:1)
  Gastronok (Lair:3)
  2 shadow dragons
  The ghost of Cophel the Brawler, an adept TrMo of Nemelex Xobeh (Depths:5)
  The ghost of Himmaryad the Brawler, an adept TrMo of Nemelex Xobeh (Depths:5)
  3 storm dragons
  3 thorn hunters (Swamp:4)
  Kirke (D:12)
  Roxanne (Spider:4)
  2 draconian monks (Depths:5)
  Donald (Elf:2)
  A fenstrider witch (Swamp:1)
  3 tengu reavers
  6 ghost moths (Spider:4)
  3 fire giants
  9 vault wardens
  10 frost giants
  An orc warlord (Orc:2)
  4 deep elf sorcerers
  6 emperor scorpions
  A balrug (Depths:1)
  6 deep elf elementalists (Elf:3)
  3 ghouls
  16 very ugly things
  12 ironheart preservers
  15 stone giants
  4 vampire knights
  A war gargoyle (Vaults:5)
  Nessos (D:12)
  7 deep elf annihilators
  4 deep elf demonologists
  A red draconian (Depths:5)
  3 bunyips
  5 entropy weavers
  A minotaur (Gauntlet)
  2 yellow draconians (Depths:5)
  9 ettins
  A crystal guardian (Vaults:2)
  A death ooze (Gauntlet)
  7 spark wasps
  5 eleionomae
  8 deep elf death magi
  3 jiangshi (Depths:1)
  8 ogre magi
  An ice dragon (shapeshifter) (Depths:1)
  11 fire dragons
  A great orb of eyes (shapeshifter) (Depths:3)
  4 shambling mangroves (Swamp:4)
  2 deep elf high priests (Elf:3)
  10 yaktaur captains
  8 rakshasas
  8 boulder beetles
  5 great orbs of eyes
  29 vault guards
  18 hydras
  3 spriggan air magi
  2 catoblepae (Lair:6)
  3 ghost crabs (Swamp:2)
  6 ice dragons
  A death knight (Vaults:3)
  9 centaur warriors
  7 deep troll shamans
  9 alligators
  A vampire mage (Depths:1)
  5 deep troll earth magi
  31 dancing weapons
  A queen ant (Spider:1)
  20 two-headed ogres
  2 orc high priests
  2 tengu warriors
  13 death yaks (Lair:6)
  3 spriggan berserkers
  22 deep elf knights
  A soul eater (Depths:1)
  A small abomination (Elf:3)
  4 hell knights (Depths:4)
  9 skeletal warriors
  A fire crab (Lair:6)
  34 deep trolls
  6 goliath frogs
  3 unseen horrors
  7 spriggan druids
  7 wizards
  A goliath frog (shapeshifter) (Elf:3)
  2 iron trolls
  13 swamp dragons
  3 glowing orange brains
  8 flayed ghosts
  17 deep elf archers
  5 orc knights
  3 spectral hydras (Swamp:4)
  7 bog bodies
  6 ironbrand convokers
  7 necromancers
  74 ugly things
  A cyclops (shapeshifter) (Vaults:5)
  A sphinx skeleton (D:15)
  25 orb spiders
  6 cyclopes
  23 wolf spiders
  3 manticores
  7 orc sorcerers (Orc:2)
  6 will-o-the-wisps
  A stone giant zombie (D:15)
  A moth of wrath (Spider:2)
  65 deep elf magi
  A human zombie (Vaults:1)
  An oklob plant (Swamp:4)
  A salamander (Depths:3)
  A salamander (shapeshifter) (Depths:1)
  11 elephants
  Maurice (D:12)
  5 black mambas
  Joseph (D:7)
  3 gargoyles
  13 vault sentinels
  5 torpor snails
  12 cane toads
  A smoke demon (Depths:1)
  An elf zombie (D:15)
  A hellion (Depths:3)
  3 centaur skeletons (D:15)
  An efreet (D:13)
  2 kobold demonologists (D:15)
  7 komodo dragons
  38 yaktaurs
  3 freezing wraiths
  6 hellwings
  9 demonic crawlers
  3 rime drakes
  4 tengu conjurers
  A bloated husk (Swamp:4)
  4 red devils (Depths:1)
  An ice devil (Depths:4)
  A queen bee (Lair:2)
  A polar bear (Lair:6)
  9 trolls
  32 jumping spiders
  7 tyrant leeches
  A death drake zombie (Swamp:4)
  3 meliai (D:14)
  A death drake skeleton (Swamp:4)
  19 hornets
  A queen bee (shapeshifter) (Vaults:3)
  A blink frog (shapeshifter) (Vaults:3)
  13 dream sheep
  22 blink frogs
  10 slime creatures
  A hydra skeleton (Swamp:4)
  12 water elementals
  45 redbacks
  3 air elementals
  A shadow (D:11)
  12 spriggans
  2 vampires
  A yak (shapeshifter) (D:14)
  4 basilisks
  25 tarantellas
  3 wyverns
  8 fire elementals
  2 wraiths
  28 yaks
  2 hogs (D:12)
  17 humans (D:14)
  Grum (D:10)
  5 vampire mosquitoes
  5 wargs (Orc:1)
  13 swamp worms
  3 hydra simulacra (Swamp:4)
  14 soldier ants (Spider:1)
  13 water moccasins
  2 acid dragons
  A hell hound (Depths:3)
  Duvessa (D:4)
  3 floating eyes
  26 orc warriors
  4 sky beasts
  3 ice beasts
  An eye of draining (D:10)
  2 swamp drakes (Swamp:4)
  5 black bears
  An eye of draining (shapeshifter) (Vaults:2)
  4 phantoms
  3 necrophages
  21 wolves
  17 boggarts
  A swamp dragon zombie (Swamp:4)
  19 centaurs
  An elf skeleton (Vaults:4)
  31 ogres
  A swamp dragon skeleton (Swamp:4)
  6 big kobolds
  19 bullfrogs
  A wyvern zombie (D:10)
  2 human skeletons
  12 gnoll sergeants
  A scorpion (D:5)
  2 wyvern skeletons
  32 killer bees
  12 wights
  A howler monkey (D:4)
  An electric eel (D:14)
  6 jellies
  4 crimson imps
  3 bullfrog zombies
  3 quasits
  2 human simulacra
  7 centaur zombies
  10 hounds
  2 bullfrog skeletons
  25 orc priests
  2 iron imps
  6 gnoll shamans (Bailey)
  7 iguanas
  38 orc wizards
  27 worker ants
  A hound skeleton (D:10)
  2 worker ant zombies
  15 adders
  22 gnolls
  2 river rats
  5 shadow imps
  2 white imps
  2 ufetubi
  An adder zombie (D:7)
  An adder skeleton (D:8)
  7 worms
  4 dart slugs
  7 leopard geckos
  101 orcs
  9 giant cockroaches
  6 goblins
  11 hobgoblins
  6 jackals
  21 kobolds
  5 quokkas
  9 bats
  4 frilled lizards
  2 gnoll zombies (D:7)
  A jackal zombie (D:8)
  A leopard gecko skeleton (D:5)
  2 leopard gecko zombies
  2 quokka skeletons (D:4)
  16 rats
1920 creatures vanquished.

Vanquished Creatures (collateral kills)
  2 deep elf sorcerers (Vaults:1)
  An orc warlord (Orc:1)
  A hydra zombie (Swamp:4)
  A stone giant (Vaults:3)
  A dire elephant (Lair:6)
  A vault guard (Vaults:4)
  A centaur warrior (D:11)
  A dancing weapon (Elf:2)
  A deep elf knight (Vaults:1)
  2 deep trolls (Vaults:4)
  2 deep elf archers
  3 deep elf magi
  A wolf spider (Spider:2)
  3 ugly things
  2 oklob plants (Swamp:4)
  A cane toad (Lair:6)
  A komodo dragon (Lair:6)
  A troll (Orc:2)
  An ice dragon zombie (D:15)
  5 blink frogs (Lair:6)
  A redback (Spider:4)
  3 wargs
  2 water moccasins (Lair:6)
  3 orc warriors
  2 ogres
  2 gnoll sergeants (Bailey)
  Dowan (D:4)
  4 orc priests
  4 orc wizards (Orc:2)
  2 gnolls (Bailey)
  3 orcs
59 creatures vanquished.

Vanquished Creatures (others)
  An ice dragon (Depths:5)
  A deep elf knight (Elf:2)
  A wizard (Depths:1)
  3 bloated husks
  A water elemental (Elf:1)
  A jelly (D:12)
  An orc (Orc:2)
  A bush (Lair:6)
  A crawling corpse (Elf:3)
  14 demonic plants (Gauntlet)
  9 foxfires
  39 fungi
  94 plants
  36 withered plants
203 creatures vanquished.

Grand Total: 2182 creatures vanquished

Notes
Turn   | Place    | Note
-------+----------+-------------------------------------------
     0 | D:1      | raph the Minotaur Monk began the quest for the Orb.
     0 | D:1      | Reached XP level 1. HP: 19/19 MP: 0/0
   281 | D:1      | Reached XP level 2. HP: 19/27 MP: 1/1
   622 | D:1      | Reached skill level 1 in Armour
   826 | D:1      | Reached skill level 4 in Long Blades
  1337 | D:2      | Reached XP level 3. HP: 33/33 MP: 2/2
  1910 | D:2      | Reached XP level 4. HP: 40/40 MP: 3/3
  2367 | D:3      | Reached skill level 5 in Long Blades
  2528 | D:3      | Found a stormy altar of Qazlal.
  2546 | D:3      | Reached XP level 5. HP: 44/47 MP: 4/4
  2551 | D:3      | Became a worshipper of Qazlal Stormbringer
  2551 | D:3      | Reached * piety under Qazlal
  2551 | D:3      | Reached ** piety under Qazlal
  2665 | D:3      | Found a burning altar of Makhleb.
  2845 | D:4      | Noticed Duvessa
  2846 | D:4      | Noticed Dowan
  3143 | D:4      | Reached skill level 1 in Invocations
  3148 | D:4      | Reached XP level 6. HP: 30/55 MP: 5/5
  3275 | D:4      | Reached skill level 5 in Fighting
  3403 | D:5      | Entered Level 5 of the Dungeon
  3411 | D:5      | Reached skill level 6 in Long Blades
  3636 | D:5      | Reached XP level 7. HP: 57/61 MP: 7/7
  3724 | D:5      | Reached skill level 5 in Dodging
  3919 | D:5      | Reached skill level 7 in Long Blades
  4314 | D:5      | Reached XP level 8. HP: 70/70 MP: 4/9
  4504 | D:6      | Found a bloodstained altar of Trog.
  4852 | D:6      | Reached skill level 8 in Long Blades
  4855 | D:6      | Got a warped ring mail
  4869 | D:6      | Identified the cursed +0 ring mail of Osathry {rPois Int+5}
                  | (You found it on level 6 of the Dungeon)
  4896 | D:6      | Reached *** piety under Qazlal
  4919 | D:6      | Found a glowing drain.
  4924 | Sewer    | Entered a sewer
  5095 | Sewer    | Found a glowing silver altar of Zin.
  5397 | D:7      | Found Zefrutupn's Armour Shoppe.
  5403 | D:7      | Reached skill level 5 in Armour
  5552 | D:7      | Noticed Joseph
  5562 | D:7      | Killed Joseph
  5563 | D:7      | Reached skill level 9 in Long Blades
  5663 | D:7      | Bought a +1 pair of gloves of strength for 198 gold pieces
  5786 | D:7      | Reached XP level 9. HP: 72/78 MP: 10/10
  5976 | D:4      | Killed Duvessa
  5980 | D:4      | Killed Dowan
  6363 | D:4      | Found Sauseape's Weapon Shoppe.
  6366 | D:4      | Bought a +0 great sword for 71 gold pieces
  7009 | D:6      | Found a staircase to the Ecumenical Temple.
  7038 | D:6      | Reached skill level 10 in Long Blades
  7195 | Temple   | Entered the Ecumenical Temple
  7358 | D:7      | Found a basalt altar of Yredelemnul.
  7969 | D:7      | Found an ornate altar of the Wu Jian Council.
  8139 | D:8      | Reached skill level 11 in Long Blades
  8163 | D:8      | Noticed a two-headed ogre
  8170 | D:8      | Killed a two-headed ogre
  8171 | D:8      | Reached skill level 12 in Long Blades
  8445 | D:8      | Found a snail-covered altar of Cheibriados.
  8512 | D:8      | Reached XP level 10. HP: 82/86 MP: 12/12
  8595 | D:8      | Found a staircase to the Lair.
  8695 | D:8      | Reached skill level 13 in Long Blades
  9221 | Lair:1   | Entered Level 1 of the Lair of Beasts
  9756 | Lair:2   | Noticed a cane toad
  9765 | Lair:2   | Killed a cane toad
  9766 | Lair:2   | Reached skill level 14 in Long Blades
 10016 | Lair:2   | Noticed a black mamba
 10023 | Lair:2   | Killed a black mamba
 10362 | Lair:2   | Noticed a cane toad
 10384 | Lair:1   | Killed a cane toad
 10385 | Lair:1   | Reached skill level 5 in Invocations
 10798 | Lair:2   | Noticed a cane toad
 10807 | Lair:2   | Killed a cane toad
 10808 | Lair:2   | Reached XP level 11. HP: 94/94 MP: 13/13
 10859 | Lair:2   | Reached **** piety under Qazlal
 10872 | Lair:2   | Reached skill level 15 in Long Blades
 11274 | Lair:2   | Reached skill level 16 in Long Blades
 11597 | Lair:2   | Found a hole to the Spider Nest.
 12126 | Spider:1 | Entered Level 1 of the Spider Nest
 12126 | Spider:1 | Noticed a wolf spider
 12147 | Lair:3   | Reached skill level 17 in Long Blades
 12182 | Lair:3   | Noticed Gastronok
 12688 | Lair:3   | Killed Gastronok
 12689 | Lair:3   | Reached skill level 18 in Long Blades
 12689 | Lair:3   | Reached XP level 12. HP: 101/101 MP: 2/14
 12810 | Lair:3   | Found a staircase to the Swamp.
 13400 | Lair:4   | Found a bloodstained altar of Trog.
 13402 | Lair:4   | Found a gate leading to a gauntlet.
 13409 | Gauntlet | Entered a Gauntlet
 13409 | Gauntlet | Found a transporter.
 13409 | Gauntlet | Found a transporter.
 13409 | Gauntlet | Found a transporter.
 13413 | Gauntlet | Found a transporter.
 13413 | Gauntlet | Found a transporter.
 13414 | Gauntlet | Found a transporter.
 13423 | Gauntlet | Found a transporter.
 13427 | Gauntlet | Found a transporter.
 13435 | Gauntlet | Noticed a death ooze
 13437 | Gauntlet | Found a transporter.
 13441 | Gauntlet | Found a transporter.
 13537 | Gauntlet | Found a transporter.
 13541 | Gauntlet | Found a transporter.
 14135 | Gauntlet | Killed a death ooze
 14136 | Gauntlet | Reached skill level 19 in Long Blades
 14331 | Gauntlet | Noticed a minotaur
 14349 | Gauntlet | Killed a minotaur
 14585 | Gauntlet | Got a tiger eye-studded scale mail
 14606 | Gauntlet | Identified the cursed +1 scale mail "Otut" {rF+ Int+2} (You
                  | found it in a Gauntlet)
 15454 | Lair:5   | Noticed a boulder beetle
 15626 | Lair:5   | Killed a boulder beetle
 15627 | Lair:5   | Reached skill level 20 in Long Blades
 15707 | Lair:5   | Identified a scroll of acquirement
 15707 | Lair:5   | Acquired a manual of Invocations
 15722 | Lair:5   | Reached skill level 1 in Bows
 15726 | Lair:5   | Reached skill level 1 in Unarmed Combat
 15951 | Lair:5   | Learned a level 2 spell: Swiftness
 15974 | Lair:5   | Found a sacrificial altar of Ru.
 16501 | D:9      | Found a shadowy altar of Dithmenos.
 16613 | D:9      | Reached XP level 13. HP: 108/108 MP: 16/16
 16772 | D:9      | Found a hazy altar of Hepliaklqana.
 16845 | D:9      | Found a hazy altar of Hepliaklqana.
 16926 | D:10     | Entered Level 10 of the Dungeon
 17303 | D:10     | Found a staircase to the Orcish Mines.
 17536 | D:10     | Noticed Grum
 17542 | D:10     | Killed Grum
 17572 | D:10     | Paralysed by a floating eye for 3 turns
 18613 | D:11     | Found Cemmid's Distillery.
 18619 | D:11     | Bought a potion of experience for 800 gold pieces
 18619 | D:11     | Bought a potion of haste for 160 gold pieces
 18619 | D:11     | Bought a potion of might for 64 gold pieces
 18619 | D:11     | Reached XP level 14. HP: 118/118 MP: 18/18
 18667 | D:11     | Got a pair of pitted boots
 18678 | D:11     | Identified the cursed +0 pair of boots of Hairiness {-Tele
                  | rPois Str+4 Slay-5} (You found it on level 11 of the
                  | Dungeon)
 18915 | D:11     | Found Daemocun's Magic Scroll Boutique.
 18915 | D:11     | Identified the ring "Tutoip" {rPois Will+ Int-3 Dex+8}
 18915 | D:11     | You fall into a shaft and drop 3 floors!
 19392 | D:13     | Reached skill level 5 in Unarmed Combat
 19659 | D:13     | Found a flagged portal.
 19665 | Bailey   | Entered a bailey
 19877 | Bailey   | Reached skill level 10 in Armour
 20369 | D:12     | Reached skill level 10 in Dodging
 20423 | D:11     | Found Fuaran's Jewellery Boutique.
 20464 | D:11     | Reached skill level 10 in Fighting
 20528 | D:11     | Found Erpheteg's Distillery.
 20844 | D:12     | Noticed Kirke
 20854 | D:12     | Killed Kirke
 20855 | D:12     | Reached XP level 15. HP: 122/126 MP: 20/20
 20926 | D:11     | Bought the ring "Hiruc" {rC+ rN+ Will+ AC+4 Str+3} for 859
                  | gold pieces
 21170 | D:12     | Noticed Maurice
 21173 | D:12     | Killed Maurice
 21229 | D:12     | Noticed Nessos
 21239 | D:12     | Killed Nessos
 21239 | D:12     | Reached ***** piety under Qazlal
 21681 | D:12     | Found Udeedig's Gadget Shoppe.
 21839 | Orc:1    | Entered Level 1 of the Orcish Mines
 22360 | Orc:2    | Entered Level 2 of the Orcish Mines
 22535 | Orc:1    | Reached skill level 1 in Evocations
 22602 | Orc:2    | Found a bloodstained altar of Trog.
 22633 | Orc:2    | Found a staircase to the Elven Halls.
 22670 | Orc:2    | Noticed an orc warlord
 22684 | Orc:2    | Killed an orc warlord
 22685 | Orc:2    | Reached skill level 10 in Invocations
 22758 | Orc:2    | Found Athuixt's General Store.
 22893 | Orc:1    | Noticed an orc warlord
 22908 | Orc:1    | Killed an orc warlord
 23815 | Orc:2    | Found Naly's Antique Armour Shoppe.
 23815 | Orc:2    | Found Rixkaos's Antique Weapon Shoppe.
 23816 | Orc:2    | Found Esyutaf's General Store.
 23819 | Orc:2    | Found Nyptok's Distillery.
 23828 | Orc:2    | Bought a potion of heal wounds for 60 gold pieces
 24309 | D:13     | Reached skill level 10 in Bows
 24613 | D:14     | Found a gate to the Vaults.
 25566 | D:14     | Found a shimmering altar of Xom.
 25625 | D:15     | Entered Level 15 of the Dungeon
 25782 | D:15     | Found a staircase to the Depths.
 25808 | D:15     | Noticed Rupert
 25813 | D:15     | Killed Rupert
 26425 | D:15     | Found a portal to a secret trove of treasure.
 26975 | Swamp:1  | Entered Level 1 of the Swamp
 26975 | Swamp:1  | Noticed a fenstrider witch
 26977 | Swamp:1  | Killed a fenstrider witch
 26978 | Swamp:1  | Reached XP level 16. HP: 136/136 MP: 13/22
 29527 | Swamp:2  | Reached skill level 15 in Bows
 31031 | Swamp:2  | Got a pair of scorched gloves
 31042 | Swamp:2  | Identified the +1 pair of gloves of Impermeability {*Drain
                  | rC+ Str+3} (You found it on level 2 of the Swamp)
 31614 | Swamp:3  | Got an ichor-stained falchion
 31617 | Swamp:3  | Identified the +5 falchion "Taash" {freeze, rC+ rN+ Str-4}
                  | (You found it on level 3 of the Swamp)
 32272 | Swamp:3  | Learned a level 1 spell: Animate Skeleton
 32274 | Swamp:3  | Learned a level 1 spell: Apportation
 32689 | Spider:1 | Reached skill level 1 in Translocations
 32702 | Spider:1 | Reached skill level 1 in Necromancy
 32717 | Spider:1 | Reached skill level 1 in Spellcasting
 32717 | Spider:1 | Reached XP level 17. HP: 122/141 MP: 23/23
 32727 | Spider:1 | Noticed Frances
 32747 | Spider:1 | Killed Frances
 35601 | Spider:3 | Reached skill level 1 in Air Magic
 36783 | Lair:6   | Entered Level 6 of the Lair of Beasts
 37234 | Lair:6   | Reached ****** piety under Qazlal
 38317 | Lair:6   | Found a viscous altar of Jiyva.
 38317 | Lair:6   | Found a staircase to the Slime Pits.
 38918 | Swamp:4  | Entered Level 4 of the Swamp
 38942 | Swamp:3  | Reached XP level 18. HP: 105/149 MP: 24/24
 41404 | Swamp:4  | Found a blossoming altar of Fedhas.
 41478 | Swamp:4  | Found a basalt altar of Yredelemnul.
 41548 | Swamp:4  | Got a decaying rune of Zot
 41947 | Vaults:1 | Entered Level 1 of the Vaults
 41965 | Vaults:1 | Reached skill level 5 in Evocations
 42240 | Vaults:1 | Found Ruuts's Magic Scroll Shoppe.
 43915 | Vaults:2 | Reached XP level 19. HP: 115/158 MP: 27/27
 44270 | Vaults:2 | Got a scorched brass ring
 44271 | Vaults:2 | Identified the ring "Bire" {+Fly Dex+2} (You found it on
                  | level 2 of the Vaults)
 45079 | Vaults:2 | Found a staircase to the Crypt.
 45079 | Vaults:2 | Found an ancient bone altar of Kikubaaqudgha.
 45080 | Vaults:2 | Found a basalt altar of Yredelemnul.
 45522 | Vaults:2 | Found a hazy altar of Hepliaklqana.
 46151 | Vaults:3 | Noticed Frederick
 47499 | Vaults:3 | Noticed Asterion
 47512 | Vaults:3 | Killed Asterion
 47866 | Vaults:3 | Noticed Mennas
 48179 | Vaults:3 | Killed Frederick
 48769 | Depths:1 | Entered Level 1 of the Depths
 48776 | Depths:1 | Found Ifyubapn's General Store.
 49002 | Depths:1 | Found a runed translucent gate.
 49003 | Depths:1 | Found a runed translucent gate.
 49004 | Depths:1 | Found a runed translucent gate.
 49469 | Depths:1 | Reached XP level 20. HP: 170/170 MP: 29/29
 49566 | Depths:1 | Reached skill level 21 in Long Blades
 49924 | Depths:1 | Identified the +8 demon blade of Indomitability {elec,
                  | Stlth+}
 49924 | Depths:1 | Identified the ring "Rydobata" {Fire Int+4}
 49944 | Depths:1 | Identified the +8 war axe of Vomuargh {pain, rF+ rC+ Dex+2}
 51919 | Depths:1 | Identified the Grimoire of Malediction and the Blaze
 52498 | D:11     | Bought a scroll of enchant armour for 112 gold pieces
 52588 | Elf:1    | Entered Level 1 of the Elven Halls
 53685 | Elf:1    | Found Pyukia's Jewellery Emporium.
 54037 | Elf:2    | Noticed Donald
 54054 | Elf:2    | Killed Donald
 54620 | Elf:2    | Found a runed translucent gate.
 54621 | Elf:2    | Found a runed translucent gate.
 54621 | Elf:2    | Found a runed translucent gate.
 56028 | Elf:3    | Entered Level 3 of the Elven Halls
 56150 | Elf:3    | Reached XP level 21. HP: 182/182 MP: 25/30
 56471 | Elf:3    | Identified the ring of Tiuguit {+Inv rPois rF- Dex+6
                  | Slay-2}
 56557 | Elf:3    | Identified the ring of Xom's Flight of Fancy {rPois rC+
                  | Str-5 Int+3 Stlth+}
 57018 | Elf:3    | Reached skill level 15 in Armour
 57025 | Elf:3    | Reached skill level 22 in Long Blades
 57186 | Elf:3    | Identified the +10 short sword "Qiraet" {drain, *Contam
                  | +Fly rPois rF+}
 57187 | Elf:3    | Identified the +7 rapier "Zuanes" {vorpal, Dex+4}
 57190 | Elf:3    | Reached skill level 15 in Fighting
 58161 | Elf:3    | Identified the Tome of the Sparrow
 58188 | Elf:3    | Identified the Catalogue of the Birds
 58295 | Elf:3    | Identified Testyg's Catalogue of Unstable Feathers
 58619 | Elf:3    | Found a gateway to a bazaar.
 58646 | Bazaar   | Entered a bazaar
 58650 | Bazaar   | Found Osowk's Antique Weapon Boutique.
 58668 | Bazaar   | Found Wuixeirch's Armour Emporium.
 58685 | Bazaar   | Found Remowk's Weapon Boutique.
 58702 | Bazaar   | Found Kiuwkask's Antique Armour Shoppe.
 60363 | Depths:2 | Found a runed translucent door.
 60375 | Depths:2 | Found a runed translucent door.
 60512 | Depths:2 | Reached skill level 15 in Dodging
 60517 | Depths:2 | Found a gateway to Hell.
 60602 | Depths:2 | Noticed an ancient lich
 60603 | Depths:2 | Found a gateway to a ziggurat.
 60621 | Depths:2 | Killed an ancient lich
 60739 | Depths:2 | Found a runed translucent gate.
 60739 | Depths:2 | Noticed Dani's ghost (veteran NaIE)
 60741 | Depths:2 | Found a runed translucent gate.
 60742 | Depths:2 | Found a runed translucent gate.
 60750 | Depths:2 | Found a viscous altar of Jiyva.
 60870 | Depths:2 | Found a one-way gate to the infinite horrors of the Abyss.
 60899 | Depths:2 | Found a one-way gate leading to the halls of Pandemonium.
 61600 | Depths:3 | Reached XP level 22. HP: 194/194 MP: 31/31
 62559 | Depths:3 | Identified the +4 war axe "Backscratcher" {pain, *Corrode
                  | rPois Dex+8}
 63620 | Depths:4 | Reached skill level 23 in Long Blades
 63880 | Depths:4 | Got a steaming great sword
 63881 | Depths:4 | Identified the +10 great sword of a Labyrinth {freeze,
                  | +Rage rC+ Str+3} (You found it on level 4 of the Depths)
 64130 | Depths:5 | Entered Level 5 of the Depths
 64227 | Depths:5 | Noticed a juggernaut
 64252 | Depths:5 | Killed a juggernaut
 64318 | Depths:5 | Reached skill level 10 in Evocations
 64659 | Depths:5 | Noticed a juggernaut
 64669 | Depths:5 | Killed a juggernaut
 64909 | Depths:5 | Found a runed translucent gate.
 64909 | Depths:5 | Found a runed translucent gate.
 64910 | Depths:5 | Found a runed translucent gate.
 64910 | Depths:5 | Noticed Himmaryad's ghost (adept TrMo)
 64910 | Depths:5 | Noticed Cophel's ghost (adept TrMo)
 64931 | Depths:5 | Killed Himmaryad's ghost
 64940 | Depths:5 | Killed Cophel's ghost
 65088 | Depths:5 | Got a clouded steel amulet
 65095 | Depths:5 | Identified the amulet "Feumod" {Spirit rElec} (You found it
                  | on level 5 of the Depths)
 65422 | Depths:5 | Found a gate to the Realm of Zot.
 66568 | Spider:4 | Entered Level 4 of the Spider Nest
 66568 | Spider:4 | Identified Roxanne's Almanac of Earth
 66568 | Spider:4 | Noticed Roxanne
 66885 | Spider:4 | Reached XP level 23. HP: 203/204 MP: 32/32
 67772 | Spider:4 | Got a gossamer rune of Zot
 67936 | Spider:4 | Found a runed translucent door.
 67937 | Spider:4 | Found a shimmering altar of Xom.
 67937 | Spider:4 | Noticed Raspi's ghost (adept TeGl)
 67937 | Spider:4 | Identified the +9 morningstar "Banisher" {chaos, rElec
                  | Dex+4 Stlth+}
 68069 | Spider:4 | Killed Roxanne
 68161 | Spider:4 | Learned a level 2 spell: Passwall
 68841 | Vaults:4 | Reached skill level 24 in Long Blades
 69676 | Vaults:4 | Found Mizaz's General Store.
 70215 | Vaults:5 | Entered Level 5 of the Vaults
 70310 | Vaults:5 | Blown up by a lich

Illustrated notes

Levels and vault maps discovered:
D:1:      mrwooster_arrival_statue, layout_basic, minmay_pentomino_v4
D:2:      layout_loops_ring
D:3:      layout_rooms, lemuel_crystal_altar, lemuel_crystal_altar
D:4:      layout_cave_pools, serial_shops, kennysheep_mini,
          hangedman_abyss_or_decor_slice, minmay_misc_feat_tower, uniq_duvessa
D:5:      layout_basic, amcnicky_mini_pool_medium
D:6:      layout_basic, minmay_temple_entry_glassed_door,
          lightli_sewer_entry_pipes, bloody_trog
D:7:      layout_layer_cave, nzn_wu_jian_council_hall,
          lemuel_zombie_altar_yredelemnul, serial_shops, shop, uniq_joseph
D:8:      layout_basic, slow_altar_1, lair_entry_dummy, serial_corexii_hall,
          corexii_hall_statues_l, corexii_hall_statues_l
D:9:      layout_rooms, old_standard_altar, overflow_temple_1_default,
          basic_altar
D:10:     layout_roguey, kennysheep_orc_monster_closet_entryway,
          onia_ninara_cookie, uniq_grum
D:11:     layout_irregular_city, serial_shops, shop, nicolae_shop_behind_doors,
          shop, shop_coins
D:12:     layout_basic, serial_shops, shop, uniq_kirke, uniq_maurice,
          uniq_nessos
D:13:     layout_irregular_city, enter_bailey_1, chequers_serial_rivers_marsh
D:14:     layout_loops_ring, grunt_vaults_entry_tiered, serial_rivers,
          chequers_serial_rivers_micro_a, chequers_serial_rivers_micro_a,
          chequers_serial_rivers_room_b, chequers_serial_rivers_micro_d,
          chequers_serial_rivers_micro_b, chequers_serial_rivers_micro_a,
          minivault_14, david_defended_altar_elf
D:15:     gammafunk_depths_entry_grave, layout_gridville, enter_trove_1,
          minivault_26, uniq_rupert
Temple:   nicolae_temple_no_exploring_needed
Lair:1:   layout_misc_corridors
Lair:2:   regret_index_combs_of_tragedy, layout_cave_pods,
          spider_nest_entry_web_field, portal_ice_cave_entry_pillars_1
Lair:3:   layout_regular_city, swamp_mist, minivault_19, minivault_11,
          uniq_gastronok
Lair:4:   layout_small_grid, basic_altar, gauntlet_entry_generic
Lair:5:   layout_loops_ring, basic_altar, grunt_megastairs_1
Lair:6:   grunt_lair_end_beastmaster, layout_layer_cave, slime_altar_1,
          st_stairs_9, grunt_megastairs_3
Swamp:1:  layout_falls_marsh, evilmike_swamp_ruin_house_2
Swamp:2:  layout_basic_swamp, evilmike_swamp_ruin_house_5, st_shrine_of_shade
Swamp:3:  layout_basic_swamp, nicolae_swamp_orc_logging_accident,
          infiniplex_staircase_pool_2
Swamp:4:  byrel_swamp_growth_death_and_undeath, layout_basic_swamp
Spider:1: layout_spider_delve, nicolae_spider_webs_and_nodes,
          zaba_antful_of_joy, uniq_frances
Spider:2: layout_spider_delve, hangedman_spider_tarantella_strand
Spider:3: layout_chambers
Spider:4: spider_rune_water, ebering_ghost_xom, hive_lemuel, uniq_roxanne
Orc:1:    layout_caves
Orc:2:    st_orc_mages, layout_caves, serial_shops, shop, basic_altar
Elf:1:    eino_elf_arrival_the_gate, layout_geoelf_octagon, serial_shops, shop,
          minivault_28, patterned_corridor
Elf:2:    layout_geoelf_diagonals, serial_co_window_serial, co_window_paths_a,
          co_window_paths_b, co_window_corner_a, co_window_corner_a,
          co_window_of_opportunity_a, co_window_paths_b, co_window_corner_a,
          co_window_paths_a, co_window_paths_b, glass_columns_c, uniq_donald
Elf:3:    grunt_elf_hall_branching, layout_geoelf_octagon, serial_shops,
          statue_bzr
Vaults:1: vaults_room_fancy_cross, nicolae_vaults_little_squares_6,
          hangedman_vaults_restitches, vaults_mumra_hex,
          nicolae_vaults_mini_display_case, vaults_room_fours,
          layout_vaults_omnigrid, serial_shops, nicolae_shop_waterfront
Vaults:2: minmay_crypt_entry_necro_gods, dpeg_vaults_monster_row, v_pattern_3,
          hangedman_vaults_restitches, v_misc_27, hangedman_vaults_stagger,
          hangedman_vaults_restitches, ontoclasm_vaults_tryst, vaults_mumra_lcd,
          layout_vaults_ring, basic_altar
Vaults:3: v_misc_18, v_misc_31, hangedman_vaults_hard_town_square, v_misc_22,
          grunt_vaults_hallway_long, v_misc_19, vaults_room_semicircle,
          ontoclasm_vaults_hangar, grunt_vaults_funnel,
          ontoclasm_vaults_loading_screen, vaults_dpeg_ring,
          nicolae_vaults_little_squares_2, nicolae_vaults_bisected_slash,
          layout_vaults_big_room, basic_altar, uniq_mennas, uniq_asterion,
          uniq_frederick
Vaults:4: vaults_room_boxed, v_alt_pattern_2, v_misc_22,
          nicolae_vaults_puzzle_piece, ontoclasm_vaults_pinch,
          nicolae_vaults_network_quincunx
          [nicolae_vaults_network_quincunx_subvault,
          nicolae_vaults_network_quincunx_subvault,
          nicolae_vaults_network_quincunx_subvault,
          nicolae_vaults_network_quincunx_subvault,
          nicolae_vaults_network_quincunx_subvault],
          nicolae_vaults_little_squares_1, v_misc_30, v_misc_26,
          nicolae_vaults_little_squares_6, ontoclasm_vaults_claustrophobia,
          layout_vaults_omnicross, serial_shops, shop
Vaults:5
Depths:1: layout_gridlike, serial_shops, kennysheep_little_box, hellmouth_2,
          minmay_misc_feat_iff, pandoras_box_mu
Depths:2: thingy_vault_2, layout_cave_pools, enter_ziggurat_d, hell_entry,
          gammafunk_ghost_ooze, serial_rivers, chequers_serial_rivers_micro_d,
          chequers_serial_rivers_micro_c, chequers_serial_rivers_micro_c,
          chequers_serial_rivers_micro_a, chequers_serial_rivers_small_3,
          pan_entry, abyss_entry
Depths:3: kennysheep_water_balloons, layout_gridlike, rand_demon_pan_entry_4,
          hellmouth_1, drop_trap, serial_bayou_shore_b,
          minmay_staircase_windowed_small
Depths:4: grated_community_mu [grated_community_mu_vampire_home,
          grated_community_mu_giant_home, grated_community_mu_spellcaster_home,
          grated_community_mu_orcish_home, grated_community_mu_troll_home,
          grated_community_mu_taur_home, grated_community_mu_unbuilt_plot],
          layout_gridlike, abyss_entry_small_statue_room,
          hangedman_coc_ice_floe, minmay_staircase_bubble
Depths:5: evilmike_zot_entry_diamond, layout_basic, hell_entry,
          gammafunk_ghost_cemetery, kennysheep_four_rooms

Skill      XL: |  1  2  3  4  5  6  7  8  9 10 11 12 13 14 15 16 17 18 19 20 21 22 23 |
---------------+----------------------------------------------------------------------+-----
Armour         | 1 2 3 4 5 6 7 9 10 11 12 14 15 16 17 | 17.7
Fighting       | 4 5 6 7 8 9 10 11 12 14 15 16 17 | 17.7
Long Blades    | 4 5 6 7 9 12 14 18 20 21 22 23 24 | 24.6
Dodging        | 4 5 6 7 9 10 11 12 13 15 16 | 16.8
Invocations    | 1 2 3 4 5 7 9 10 13 14 | 14.3
Bows           | 2 6 7 13 17 19 20 | 20.0
Unarmed Combat | 1 3 5 6 |  6.0
Evocations     | 1 2 6 7 9 10 11 | 11.3
Translocations | 1 3 |  3.0
Necromancy     | 1 3 |  3.0
Spellcasting   | 1 2 |  2.6
Air Magic      | 3 |  3.7
Stealth        | |  1.5

Action                   |  1- 3 |  4- 6 |  7- 9 | 10-12 | 13-15 | 16-18 | 19-21 | 22-24 || total
-------------------------+-------+-------+-------+-------+-------+-------+-------+-------++-------
Melee: Falchion          |    72 |   165 |    56 |       |       |       |       |       ||   293
       Headbutt          |    16 |    39 |    55 |   105 |   170 |   276 |   363 |   269 ||  1293
       Long sword        |       |       |   116 |       |       |       |       |       ||   116
       Great sword       |       |       |    64 |   359 |   590 |   728 |   954 |   613 ||  3308
       Scimitar          |       |       |       |     4 |     4 |    63 |       |       ||    71
       Punch             |       |       |       |       |       |     5 |       |       ||     5
       Double sword      |       |       |       |       |       |       |    11 |    22 ||    33
 Fire: Longbow           |       |       |    23 |    39 |   319 |   666 |   660 |   357 ||  2064
 Cast: Animate Skeleton  |       |       |       |       |       |    29 |     4 |     6 ||    39
       Apportation       |       |       |       |       |       |     1 |       |     2 ||     3
       Swiftness         |       |       |       |       |       |       |     1 |       ||     1
Invok: Upheaval          |       |     3 |     9 |    13 |    12 |    10 |    34 |    11 ||    92
       Elemental Force   |       |       |     1 |     3 |    13 |    12 |    12 |     6 ||    47
       Disaster Area     |       |       |       |       |     1 |     2 |       |     1 ||     4
Evoke: Wand              |       |       |     2 |     2 |       |     1 |     7 |     1 ||    13
       Phantom mirror    |       |       |       |       |       |       |     1 |       ||     1
       Condenser vane    |       |       |       |       |       |       |       |     1 ||     1
  Use: Scroll            |     3 |     6 |     9 |    17 |    11 |     9 |    15 |     9 ||    79
       Potion            |       |     3 |       |     5 |     2 |     2 |     8 |     6 ||    26
 Stab: Sleeping          |     3 |       |       |       |       |       |       |       ||     3
       Distracted        |       |       |       |       |       |     3 |       |       ||     3
Armor: Leather armour    |    16 |     1 |       |       |       |       |       |       ||    17
       Scale mail        |       |    59 |    19 |    36 |       |       |       |       ||   114
       Ring mail         |       |       |    29 |    44 |   145 |   123 |       |       ||   341
       Swamp dragon scal |       |       |       |       |       |   230 |   118 |    46 ||   394
       Fire dragon scale |       |       |       |       |       |       |   148 |   178 ||   326
Dodge: Dodged            |    50 |   112 |   177 |   258 |   535 |   895 |   752 |   625 ||  3404
       Repelled          |       |       |       |     2 |     9 |    16 |    19 |    15 ||    61
Block: Other             |       |     3 |    31 |    59 |   139 |   268 |   245 |   222 ||   967
       Rpst.: Falchion   |    15 |    27 |    16 |       |       |       |       |       ||    58
       Long sword        |       |       |    15 |       |       |       |       |       ||    15
       Great sword       |       |       |    12 |    76 |    97 |   121 |   120 |    86 ||   512
       Scimitar          |       |       |       |       |       |    12 |       |       ||    12
       Double sword      |       |       |       |       |       |       |     1 |     2 ||     3
